 Dungeon Crawl Stone Soup version 0.27.1-34-g3ba077fa99 (webtiles) character file.

Game seed: 9584858875473999676

308 styxcanada the Covered (level 6, -6/55 HPs)
             Began as a Minotaur Fighter on Jan 9, 2022.
             Mangled by a wyvern zombie (8 damage)
             ... on level 5 of the Dungeon.
             The game lasted 00:13:02 (4330 turns).

styxcanada the Covered (Minotaur Fighter)           Turns: 4330, Time: 00:13:02

Health: -6/55      AC:  7    Str: 21    XL:     6   Next: 16%
Magic:  5/5        EV:  8    Int:  5    God:
Gold:   134        SH:  9    Dex: 11    Spells: 5/5 levels left

rFire    . . .     SeeInvis .   a - +0 war axe
rCold    . . .     Faith    .   c - +0 kite shield
rNeg     . . .     Spirit   .   b - +0 scale mail
rPois    .         Reflect  .   (helmet restricted)
rElec    .         Harm     .   (no cloak)
rCorr    .         Rampage  .   (no gloves)
Will     .....                  (no boots)
Stlth    ..........             (no amulet)
HPRegen  0.18/turn              (no ring)
MPRegen  0.09/turn              (no ring)

@: no status effects
A: horns 2, retaliatory headbutt
a: no special abilities


You were on level 5 of the Dungeon.
You visited 1 branch of the dungeon, and saw 5 of its levels.

You collected 134 gold pieces.

Inventory:

Hand Weapons
 a - a +0 war axe (weapon)
 k - a +0 hunting sling
Missiles
 e - 136 stones (quivered)
 h - 37 sling bullets
 m - 2 boomerangs
Armour
 b - a +0 scale mail (worn)
 c - a +0 kite shield (worn)
Scrolls
 d - a scroll of amnesia {unknown}
 g - a scroll of fear {unknown}
 j - a scroll of torment {unknown}
 l - a scroll of identify
 n - 2 scrolls of teleportation {unknown}
Potions
 f - 2 potions of lignification
 i - a potion of mutation {unknown}


   Skills:
 * Level 4.8 Fighting
 + Level 4.2 Axes
 * Level 6.1 Armour
 + Level 1.1 Dodging
 + Level 4.4 Shields


You had 5 spell levels left.
You didn't know any spells.
Your spell library contained the following spells:

 Spells                   Type           Power      Damage    Failure   Level
 Cause Fear               Hex            0%         N/A       100%        4
 Dragon Form              Tmut           0%         N/A       100%        7
 Dragon's Call            Summ           0%         N/A       100%        9


Dungeon Overview and Level Annotations

Branches:
Dungeon (5/15)
 Temple: D:4-7

Altars:
Kikubaaqudgha
Trog

Shops:
D:3 !

Annotations:
D:4 2 transporters, dnasty's ghost, amateur DjFE


Innate Abilities, Weirdness & Mutations

You have a pair of horns on your head.
You reflexively headbutt those who attack you in melee.


Message History

You open the door.
There is an open door here.
Found a stone staircase leading down.
Found 8 gold pieces.
Found a ring mail.
Found an escape hatch in the floor.
There is a stone staircase leading down here.
Found a pair of boots.
An adder and a zombie come into view.
The adder hisses angrily.
Found 9 gold pieces.
You hit the wyvern zombie but do no damage.
You headbutt the wyvern zombie.
The wyvern zombie is lightly damaged.
You miss the adder. The wyvern zombie closely misses you.
The adder bites you but does no damage. The wyvern zombie bites you!
The adder bites you.
You closely miss the adder. You hit the wyvern zombie.
You block the wyvern zombie's attack. The adder bites you but does no damage.
The wyvern zombie bites you! The adder closely misses you.
You furiously retaliate!
You headbutt the adder, but do no damage.
You barely miss the adder. You hit the wyvern zombie.
The wyvern zombie bites you. The adder bites you but does no damage.
The wyvern zombie bites you! The adder barely misses you.
You furiously retaliate!
You headbutt the adder.
Unknown command.
You slash the wyvern zombie!
The wyvern zombie is heavily damaged.
You barely miss the adder. You block the wyvern zombie's attack.
The adder bites you.
* * * LOW HITPOINT WARNING * * *
The wyvern zombie bites you!
* * * LOW HITPOINT WARNING * * *
The adder bites you but does no damage. The adder bites you.
* * * LOW HITPOINT WARNING * * *
The adder bites you but does no damage.
There is a stone staircase leading down here.
The wyvern zombie bites you!
You die...

#...#......#
#######.###......#
#.......# #......#
#.###...# #......#
#.#.########.######.
#.#.................
###.#.########.######.
#.. #.#<†......#
#####+#.# #@##########
.......[###Z.......
..........S.#######
............#
#..........#
#..[.......##
#...........#
##.....$....#
#......>...#


You could see an adder and a wyvern zombie.

Vanquished Creatures
  A hound (D:5)
  A gnoll shaman (D:4)
  An iguana (D:4)
  A bullfrog skeleton (D:4)
  5 gnolls (D:4)
  5 adders
  2 worms
  A dart slug (D:2)
  9 orcs
  3 endoplasms (D:1)
  5 giant cockroaches
  10 goblins
  6 hobgoblins
  3 jackals (D:2)
  3 quokkas
  9 ball pythons
  4 bats
  A frilled lizard (D:3)
  A goblin zombie (D:4)
  8 kobolds
  A quokka zombie (D:4)
  7 rats
  A spectral hobgoblin (D:3)
88 creatures vanquished.

Vanquished Creatures (others)
  A plant (D:5)
1 creature vanquished.

Grand Total: 89 creatures vanquished

Notes
Turn   | Place    | Note
-------+----------+-------------------------------------------
     0 | D:1      | styxcanada the Minotaur Fighter began the quest for the
                  | Orb.
     0 | D:1      | Reached XP level 1. HP: 19/19 MP: 0/0
   156 | D:1      | Reached XP level 2. HP: 27/27 MP: 1/1
   215 | D:1      | Reached skill level 4 in Armour
  1042 | D:2      | Reached XP level 3. HP: 32/33 MP: 2/2
  1474 | D:2      | Reached XP level 4. HP: 35/40 MP: 3/3
  2057 | D:3      | Found a faded altar of an unknown god.
  2225 | D:3      | Found a bloodstained altar of Trog.
  2416 | D:3      | Reached skill level 5 in Armour
  2721 | D:3      | Found Jafog's Distillery.
  2866 | D:4      | Found a transporter.
  2866 | D:4      | Noticed dnasty's ghost (amateur DjFE)
  2873 | D:4      | Found a transporter.
  2920 | D:4      | Noticed a scorpion
  2928 | D:4      | Reached XP level 5. HP: 5/47 MP: 4/4
  2944 | D:4      | Reached skill level 1 in Dodging
  3644 | D:4      | Found an ancient bone altar of Kikubaaqudgha.
  4026 | D:4      | Reached skill level 6 in Armour
  4026 | D:4      | Reached XP level 6. HP: 33/53 MP: 5/5
  4274 | D:5      | Entered Level 5 of the Dungeon
  4328 | D:5      | HP: 1/55 [adder (4)]
  4330 | D:5      | Mangled by a wyvern zombie

Illustrated notes

Levels and vault maps discovered:
D:1:      evilmike_arrival_plus, layout_basic
D:2:      layout_basic, minmay_box_of_dots
D:3:      layout_basic, old_standard_altar,
          dreamdust_ecumenical_altar_drowned_temple, serial_shops, shop,
          hex_large, minmay_misc_feat_pillars
D:4:      layout_loops_cross, nicolae_kikubaaqudgha_miasma_corner,
          gammafunk_ghost_mausoleum, serial_co_window_serial,
          co_window_corner_a, co_window_paths_a, co_window_corner_a,
          co_window_paths_b, co_window_corner_a, co_window_unsneaky_path_e,
          co_window_2corner, co_window_of_opportunity_b,
          co_window_of_opportunity_c, glass_columns_b, glass_columns_c,
          glass_columns_a, glass_columns_b, enter_ossuary_4
D:5:      layout_basic, minmay_temple_entry_ruins, serial_bayou_pond_a

Skill      XL: |  1  2  3  4  5 |
---------------+----------------+-----
Armour         | 4 5 6 |  6.1
Fighting       | 4 |  4.8
Axes           | 3 4 |  4.2
Shields        | 4 |  4.4
Dodging        | 1 |  1.1

Action                   |  1- 3 |  4- 6 || total
-------------------------+-------+-------++-------
Melee: War axe           |    91 |   123 ||   214
       Headbutt          |    13 |    21 ||    34
  Use: Scroll            |       |     2 ||     2
       Potion            |       |     3 ||     3
Armor: Scale mail        |    47 |    64 ||   111
Dodge: Dodged            |    19 |    37 ||    56
Block: Kite shield       |    50 |    67 ||   117
